 Dungeon Crawl Stone Soup version 0.26-a0-668-gd58323b419 (webtiles) character file.

Game seed: 7592056927396296780

116816 dolemite99 the Fencer (level 16, 0/126 HPs)
             Began as a Minotaur Delver on Oct 18, 2020.
             Was an Elder of Hepliaklqana.
             Slain by a naga warrior
             ... wielding a +0 long sword
              (4 damage)
             ... on level 2 of the Snake Pit on Oct 19, 2020.
             The game lasted 01:06:47 (44058 turns).

dolemite99 the Fencer (Minotaur Delver)            Turns: 44058, Time: 01:06:48

Health: 0/126      AC: 22    Str: 28    XL:     16   Next: 21%
Magic:  24/24      EV:  9    Int:  7    God:    Hepliaklqana [****..]
Gold:   1048       SH: 11    Dex: 20    Spells: 15/15 levels left

rFire    + . .     SeeInvis +   L - staff of air
rCold    + . .     Faith    .   E - +0 buckler
rNeg     . . .     Spirit   .   H - +0 plate armour
rPois    .         Reflect  +   N - +0 hat
rElec    +         Harm     .   R - +2 cloak of the Thief {*Fog Slay-2 SInv Stlth+}
rCorr    .         Rampage  .   M - +0 pair of gloves
MR       +++..                  (no boots)
Stlth    ..........             n - amulet of reflection
HPRegen  0.31/turn              G - ring of protection from fire
MPRegen  0.19/turn              p - ring "Memetz" {rC+ MR++ Str+6 Dex+6}

@: no status effects
A: retaliatory headbutt, reduced essence, horns 2, blurry vision 1
a: Recall Ancestor, Ancestor Identity, Transference, Idealise, Renounce Religion


You were on level 2 of the Snake Pit.
You worshipped Hepliaklqana.
Hepliaklqana was greatly pleased with you.
You visited 6 branches of the dungeon, and saw 27 of its levels.

You collected 2055 gold pieces.
You spent 1007 gold pieces at shops.

Inventory:

Hand Weapons
 a - a +2 scimitar of flaming
 b - a +0 hunting sling
 X - a +5 scimitar of electrocution
Missiles
 h - 918 stones (quivered)
 q - 9 javelins
 u - 5 boomerangs
 T - 123 sling bullets
Armour
 E - a +0 buckler (worn)
 H - a +0 plate armour (worn)
 M - a +0 pair of gloves (worn)
 N - a +0 hat (worn)
 R - the +2 cloak of the Thief (worn) {*Fog Slay-2 SInv Stlth+}
   (You found it on level 4 of the Lair of Beasts)

   It affects your accuracy and damage with ranged weapons and melee attacks
   (-2).
   It lets you see invisible.
   It makes you more stealthy.
Magical Staves
 L - an uncursed staff of air (weapon)
Jewellery
 k - an uncursed ring of resist corrosion
 n - an amulet of reflection (around neck)
 p - the ring "Memetz" (right hand) {rC+ MR++ Str+6 Dex+6}
   (You acquired it on level 1 of the Lair of Beasts)

   [ring of strength]

   It affects your strength (+6).
   It affects your dexterity (+6).
   It protects you from cold.
   It affects your resistance to hostile enchantments.
 r - an uncursed ring of protection from magic
 s - an uncursed ring of positive energy
 v - an uncursed amulet of magic regeneration
 y - a +6 ring of strength
 z - an uncursed ring of protection from magic
 G - a ring of protection from fire (left hand)
 J - an uncursed ring of protection from cold
 K - an uncursed ring of poison resistance
Wands
 f - a wand of paralysis (6)
 g - a wand of digging (10)
 o - a wand of polymorph (7)
 F - a wand of iceblast (15)
 S - a wand of flame (47)
Scrolls
 d - 4 scrolls of magic mapping
 e - 2 scrolls of fog
 l - 13 scrolls of remove curse {@r2}
 C - 3 scrolls of teleportation
 O - a scroll of summoning
 Q - 8 scrolls of identify {@r1}
Potions
 c - a potion of cancellation {unknown}
 i - 2 potions of stabbing
 j - 2 potions of might
 m - 9 potions of ambrosia {unknown}
 t - 3 potions of lignification
 B - 2 potions of flight
 D - a potion of invisibility
 P - a potion of brilliance
 V - 4 potions of magic {unknown}
 Z - a potion of haste
Miscellaneous
 w - a phial of floods
 x - a box of beasts (1/3)
 U - a phantom mirror


   Skills:
 + Level 12.8 Fighting
 - Level 17.2 Long Blades
   Level 2.9 Polearms
 - Level 4.7(8.6) Slings
 - Level 10.2(10.6) Throwing
 + Level 15.6 Armour
 - Level 2.1 Dodging
 - Level 4.1 Stealth
 - Level 4.0 Shields
 - Level 12.7 Invocations
 - Level 6.9 Evocations


You had 15 spell levels left.
You didn't know any spells.
Your spell library contained the following spells:

 Spells                   Type           Power        Failure   Level
 Apportation              Tloc           #.....       95%         1
 Foxfire                  Conj/Fire      #...         95%         1
 Freeze                   Ice            #...         95%         1
 Sandblast                Erth           #.....       95%         1
 Shock                    Conj/Air       #...         95%         1
 Blink                    Tloc           N/A          99%         2
 Passwall                 Tmut/Erth      #.......     99%         2
 Swiftness                Air            #.......     99%         2
 Conjure Flame            Conj/Fire      #.......     100%        3
 Frozen Ramparts          Ice            #.....       100%        3
 Gell's Gravitas          Tloc           #.........   100%        3
 Inner Flame              Hex/Fire       #.......     100%        3
 Ozocubu's Armour         Ice            #.......     100%        3
 Static Discharge         Conj/Air       #.......     100%        3
 Stone Arrow              Conj/Erth      #.....       100%        3
 Teleport Other           Tloc           #.......     100%        3
 Airstrike                Air            #.........   100%        4
 Animate Dead             Necr           #.........   100%        4
 Hailstorm                Conj/Ice       #.......     100%        4
 Ice Form                 Ice/Tmut       #.......     100%        4
 Petrify                  Tmut/Erth      #.......     100%        4
 Sticky Flame             Conj/Fire      #.......     100%        4
 Summon Ice Beast         Ice/Summ       #.......     100%        4
 Borgnjor's Vile Clutch   Necr/Erth      #.........   100%        5
 Fireball                 Conj/Fire      #.........   100%        5
 Lee's Rapid Deconstruct  Erth           #.........   100%        5
 Lightning Bolt           Conj/Air       #.........   100%        5
 Metabolic Englaciation   Hex/Ice        #.........   100%        5
 Summon Demon             Summ           #.........   100%        5
 Summon Forest            Summ/Tloc      #.........   100%        5
 Summon Mana Viper        Hex/Summ       #.......     100%        5
 Death Channel            Necr           #.........   100%        6
 Freezing Cloud           Conj/Ice/Air   #.........   100%        6
 Ozocubu's Refrigeration  Ice            #.........   100%        6
 Shadow Creatures         Summ           N/A          100%        6
 Simulacrum               Ice/Necr       #.........   100%        6
 Malign Gateway           Summ/Tloc      #.........   100%        7
 Summon Hydra             Summ           #.........   100%        7


Dungeon Overview and Level Annotations

Branches:
Dungeon (15/15) Temple (1/1) D:6 Lair (6/6) D:10 Swamp (0/4) Lair:2 Snake (2/4) Lair:3 Slime (0/5) Lair:5 Orc (2/2) D:12 Elf (0/3) Orc:2 Vaults (0/5) D:12 D:13 Depths (1/5) D:15

Altars:
Ashenzari
Cheibriados
Dithmenos
Elyvilon
Fedhas
Gozag
Hepliaklqana
Kikubaaqudgha
Makhleb
Nemelex Xobeh
Okawaru
Qazlal
Ru
Sif Muna
Trog
Uskayaw
Vehumet
Wu Jian
Xom
Yredelemnul
Zin
The Shining One
Beogh

Shops:
D:9 !   D:12 =   Snake:1 *

Annotations:
D:4 3 runed translucent doors, reriks's ghost, novice GnFi
D:7 2 transporters, Ludicrosity's ghost, novice GrIE
D:12 1 runed translucent door
Lair:3 exclusion: oklob plant
Lair:5 exclusion: downstairs
Snake:2 Azrael


Innate Abilities, Weirdness & Mutations

You reflexively headbutt those who attack you in melee.
You have a pair of horns on your head.
Your life essence is reduced to manifest your ancestor. (-10% HP)
Scrolls take you a little longer to read.


Message History

The shock serpent shoots out a bolt of lightning at you!
The bolt of electricity hits you!
* * * LOW HITPOINT WARNING * * *
With a swish of your cloak, you release a cloud of fog.
You escape the naga warrior's grasp.
Wolf closely misses the shock serpent.
Things that are here:
a +0 spear of venom; a sling bullet You feel better.
The shock serpent bites you but does no damage.
Wolf points at the shock serpent and mumbles some strange words.
The bolt of magma hits the shock serpent!
The shock serpent's electric aura discharges, shocking Wolf!
You block the shock serpent's attack.
The naga warrior hits you with a +0 long sword!
* * * LOW HITPOINT WARNING * * *
You block the naga warrior's attack.
Your +2 scimitar of flaming stops flaming.
L - an uncursed staff of air (weapon)
The naga warrior hits you with a +0 long sword.
You die...

.. ##.....)..## #
.(# #####.†..##
...# ###...# ....#
###....##
#...(###.......##
#....§§§§§§§....#
#...§§§§§§§.......
###.§§RN§....(.(..
##§§§S@....#.....
###§§§...####...
##§§....# ##
##......# ###....#
#..... ..... #....


You could see the friendly Wolf the battlemage, a naga warrior and a shock
serpent.

Vanquished Creatures
  Rupert (D:12)
  An orc warlord (Orc:2)
  A stone giant (Orc:2)
  A dire elephant (Lair:6)
  A rakshasa (D:15)
  A naga warrior (Snake:1)
  2 centaur warriors
  10 hydras
  2 boulder beetles
  2 catoblepae
  4 two-headed ogres
  6 death yaks
  An orc high priest (Orc:2)
  A naga sharpshooter (Snake:1)
  Urug (D:13)
  Nergalle (Orc:1)
  A salamander mystic (Snake:1)
  A fire crab (shapeshifter) (D:15)
  A shadow wraith (D:14)
  4 unseen horrors
  A lindwurm (shapeshifter) (D:13)
  A mana viper (Snake:2)
  Pikel (D:7)
  6 cyclopes
  A wolf spider (D:12)
  A shining eye (Snake:1)
  3 ugly things
  A salamander (Snake:1)
  7 black mambas
  6 elephants
  A guardian serpent (Snake:2)
  2 naga magi (Snake:1)
  3 centaur skeletons
  4 torpor snails (Lair:5)
  4 cane toads
  A yaktaur (shapeshifter) (D:15)
  Maggie (D:9)
  5 komodo dragons
  4 rime drakes
  An efreet (D:15)
  4 trolls
  A polar bear (Lair:5)
  A queen bee (Orc:1)
  A tyrant leech (shapeshifter) (D:15)
  10 blink frogs
  4 dream sheep
  2 slime creatures (D:15)
  A shadow (D:15)
  A fire elemental (Snake:1)
  A wraith (D:13)
  69 yaks
  3 basilisks
  11 humans
  8 wyverns
  A vampire mosquito (D:15)
  3 wargs (Orc:2)
  A soldier ant (D:15)
  4 nagas
  3 hell hounds (Snake:2)
  9 water moccasins
  3 sky beasts
  10 orc warriors
  2 black bears
  3 ice beasts
  8 ogres
  An eye of draining (D:11)
  4 boggarts (D:15)
  A phantom (D:9)
  11 centaurs
  14 wolves
  8 bullfrogs
  3 scorpions
  14 killer bees
  5 jellies
  4 wights
  An electric eel (Lair:2)
  3 howler monkeys (D:11)
  A bullfrog zombie (D:11)
  A centaur zombie (D:11)
  5 hounds
  Crazy Yiuf (D:7)
  6 orc wizards
  7 orc priests
  A bullfrog skeleton (D:8)
  4 iguanas
  5 hell rats (Lair:6)
  12 worker ants
  5 adders
  10 gnolls
  2 shadow imps
  A white imp (D:5)
  A worm (D:5)
  An adder skeleton (D:6)
  6 leopard geckos
  27 orcs
  5 giant cockroaches
  8 goblins
  9 hobgoblins
  18 jackals
  11 kobolds
  3 quokkas
  A ball python skeleton (D:4)
  5 bats
  3 frilled lizards (D:1)
  A leopard gecko skeleton (D:4)
  A quokka skeleton (D:9)
  5 rats
496 creatures vanquished.

Vanquished Creatures (collateral kills)
  8 hydras
  A naga warrior (Snake:1)
  Erica (D:9)
  A two-headed ogre (D:13)
  3 anacondas
  A centaur warrior (D:13)
  A deep troll shaman (Lair:6)
  3 death yaks
  A shock serpent (Snake:2)
  Sonja (Lair:6)
  A glowing orange brain (D:15)
  3 unseen horrors
  A naga ritualist (Snake:2)
  An orc knight (D:15)
  A deep elf mage (D:15)
  A manticore (Lair:4)
  An orc sorcerer (Orc:1)
  3 ugly things
  7 black mambas
  2 naga magi (Snake:1)
  6 elephants
  A torpor snail (Lair:6)
  3 cane toads
  9 komodo dragons
  A rime drake (Lair:6)
  An ice devil (Orc:2)
  A troll (Orc:2)
  2 polar bears (Lair:6)
  A wolf spider simulacrum (D:15)
  2 bog bodies (Lair:2)
  3 slime creatures (D:15)
  3 blink frogs
  A hornet (D:12)
  3 dream sheep (Lair:5)
  A shadow (D:13)
  23 yaks
  7 wyverns
  4 humans (D:12)
  3 fire elementals (Snake:2)
  A basilisk (D:12)
  A steam dragon (D:9)
  2 wargs
  6 nagas
  5 water moccasins
  A hornet zombie (D:14)
  4 sky beasts
  A black bear (Lair:2)
  8 orc warriors
  2 ogres
  A phantom (D:8)
  A boggart (D:15)
  3 centaurs
  3 wolves
  A lemure (D:7)
  A big kobold (D:10)
  5 bullfrogs
  A wyvern skeleton (D:10)
  A scorpion (D:12)
  16 killer bees
  4 wights
  An electric eel (Lair:2)
  3 centaur zombies
  A jelly (D:9)
  A bullfrog skeleton (D:11)
  2 orc priests
  3 hounds
  3 worker ants
  A hell rat (Lair:6)
  8 orc wizards
  A killer bee zombie (D:9)
  A gnoll (D:6)
  2 adders
  An ufetubus (D:8)
  An adder skeleton (D:8)
  A leopard gecko (D:8)
  22 orcs
  A jackal (D:9)
  2 kobolds (D:10)
  A quokka (D:11)
241 creatures vanquished.

Vanquished Creatures (others)
  A naga mage (Snake:2)
  A fire elemental (Snake:2)
  A human (D:13)
  An orc warrior (Orc:2)
  32 battlemagi
  A worker ant (D:5)
  An adder (D:5)
  2 ancestors (D:7)
  An orc (Orc:2)
  A giant cockroach (D:5)
  A quokka (D:5)
  A frilled lizard (D:5)
  37 fungi
  80 plants
161 creatures vanquished.

Grand Total: 898 creatures vanquished

Notes
Turn   | Place    | Note
-------+----------+-------------------------------------------
     0 | D:5      | dolemite99 the Minotaur Delver began the quest for the Orb.
     0 | D:5      | Reached XP level 1. HP: 19/19 MP: 0/0
     9 | D:5      | Noticed a worker ant
    10 | D:5      | Found a shimmering altar of Xom.
   185 | D:5      | Found a radiant altar of Vehumet.
   545 | D:3      | Reached skill level 1 in Long Blades
   545 | D:3      | Reached XP level 2. HP: 4/26 MP: 1/1
   895 | D:3      | Reached skill level 2 in Long Blades
  1237 | D:1      | Reached XP level 3. HP: 26/31 MP: 2/2
  1289 | D:1      | Reached skill level 3 in Long Blades
  2569 | D:2      | Reached skill level 4 in Long Blades
  3086 | D:3      | Reached XP level 4. HP: 28/39 MP: 3/3
  3833 | D:4      | Noticed an ogre
  3840 | D:4      | Killed an ogre
  3840 | D:4      | Reached XP level 5. HP: 35/45 MP: 4/4
  3936 | D:4      | Noticed an ogre
  3948 | D:4      | HP: 2/45 [ogre/+0 giant club (26)]
  3949 | D:4      | Killed an ogre
  3949 | D:4      | Reached XP level 6. HP: 2/51 MP: 5/5
  4484 | D:4      | Found a runed translucent gate.
  4484 | D:4      | Found a runed translucent gate.
  4484 | D:4      | Found a runed translucent gate.
  4484 | D:4      | Noticed reriks's ghost (novice GnFi)
  4980 | D:4      | Reached skill level 5 in Long Blades
  5567 | D:5      | Reached skill level 6 in Long Blades
  6169 | D:5      | Reached skill level 7 in Long Blades
  6169 | D:5      | Reached XP level 7. HP: 32/57 MP: 6/6
  6852 | D:6      | Found a staircase to the Ecumenical Temple.
  6860 | Temple   | Entered the Ecumenical Temple
  7089 | Temple   | Became a worshipper of Hepliaklqana the Forgotten
  7822 | D:6      | Found an iron altar of Okawaru.
  7843 | D:6      | Reached skill level 8 in Long Blades
  8909 | D:7      | Reached * piety under Hepliaklqana
  9004 | D:7      | Reached skill level 9 in Long Blades
  9016 | D:7      | Reached XP level 8. HP: 56/57 MP: 5/7
  9209 | D:7      | Identified the +9 great sword "Nuqim" {drain, *Rage +Blink
                  | rElec SInv}
  9211 | D:7      | Noticed a moth of wrath
  9214 | D:7      | Found a transporter.
  9216 | D:7      | Found a transporter.
  9217 | D:7      | Found a bloodstained altar of Trog.
  9217 | D:7      | Noticed a troll
  9217 | D:7      | Noticed Ludicrosity's ghost (novice GrIE)
  9220 | D:7      | Noticed a cyclops
  9401 | D:7      | Found a runed translucent door.
  9404 | D:7      | Noticed Crazy Yiuf
  9551 | D:7      | Reached skill level 5 in Fighting
  9590 | D:7      | Noticed Pikel
  9604 | D:7      | Killed Pikel
 10432 | D:7      | Reached XP level 9. HP: 51/74 MP: 8/8
 11047 | D:7      | Killed Crazy Yiuf
 11558 | D:8      | Reached skill level 10 in Fighting
 11566 | D:8      | Reached ** piety under Hepliaklqana
 11568 | D:8      | Remembered your ancestor Wolf as a battlemage
 12457 | D:9      | Found a hide-covered altar of Uskayaw.
 12492 | D:9      | Found Filayzum's Distillery.
 12501 | D:9      | Reached skill level 1 in Shields
 12574 | D:9      | Bought a potion of invisibility for 120 gold pieces
 12574 | D:9      | Bought a potion of berserk rage for 75 gold pieces
 12574 | D:9      | Bought 2 potions of curing for 90 gold pieces
 12574 | D:9      | Bought a potion of curing for 45 gold pieces
 12574 | D:9      | Bought a potion of curing for 45 gold pieces
 12574 | D:9      | Bought a potion of curing for 45 gold pieces
 12819 | D:9      | Noticed Erica
 12819 | D:9      | Noticed Maggie
 12826 | D:9      | Killed Erica
 12831 | D:9      | Killed Maggie
 12831 | D:9      | Reached skill level 5 in Armour
 12831 | D:9      | Reached XP level 10. HP: 86/86 MP: 9/9
 13247 | D:9      | Found a broken altar of Ashenzari.
 13414 | D:10     | Entered Level 10 of the Dungeon
 13809 | D:10     | Found a staircase to the Lair.
 13980 | D:10     | Reached *** piety under Hepliaklqana
 14178 | D:9      | Bought a potion of might for 60 gold pieces
 14211 | Lair:1   | Entered Level 1 of the Lair of Beasts
 14938 | Lair:1   | Reached skill level 10 in Armour
 15083 | Lair:1   | Noticed a cane toad
 15091 | Lair:1   | Killed a cane toad
 15437 | Lair:1   | Reached XP level 11. HP: 56/91 MP: 10/10
 15693 | Lair:1   | Identified a scroll of acquirement
 15693 | Lair:1   | Acquired the ring "Memetz" {rC+ MR++ Str+6 Dex+6}
 16251 | Lair:1   | Noticed a four-headed hydra
 16271 | Lair:1   | Killed a four-headed hydra
 17273 | Lair:2   | Found a staircase to the Swamp.
 17402 | Lair:2   | Reached **** piety under Hepliaklqana
 17589 | Lair:2   | Noticed a five-headed hydra
 17598 | Lair:2   | Killed a five-headed hydra
 17598 | Lair:2   | Reached skill level 15 in Armour
 18038 | Lair:2   | Reached skill level 1 in Throwing
 18574 | Lair:3   | Noticed an eight-headed hydra
 18584 | Lair:3   | Killed an eight-headed hydra
 18946 | Lair:3   | Noticed a five-headed hydra
 18959 | Lair:2   | Reached XP level 12. HP: 93/99 MP: 11/11
 19073 | Lair:3   | Found a staircase to the Snake Pit.
 19195 | Lair:3   | Killed a five-headed hydra
 19195 | Lair:3   | Reached skill level 5 in Throwing
 19284 | Lair:3   | Noticed a six-headed hydra
 19294 | Lair:3   | Killed a six-headed hydra
 21332 | Lair:4   | Reached ***** piety under Hepliaklqana
 21348 | Lair:4   | Noticed a six-headed hydra
 21357 | Lair:4   | Killed a six-headed hydra
 22064 | Lair:4   | Noticed a five-headed hydra
 22069 | Lair:4   | Killed a five-headed hydra
 22069 | Lair:4   | Reached skill level 10 in Throwing
 22142 | Lair:4   | Reached skill level 1 in Invocations
 22148 | Lair:4   | Noticed a five-headed hydra
 22152 | Lair:4   | Killed a five-headed hydra
 22317 | Lair:4   | Noticed an eight-headed hydra
 22318 | Lair:4   | Noticed a death yak
 22327 | Lair:4   | Killed a death yak
 22337 | Lair:4   | Killed an eight-headed hydra
 22618 | Lair:4   | Noticed a six-headed hydra
 22618 | Lair:4   | Noticed a boulder beetle
 22623 | Lair:4   | Killed a six-headed hydra
 22623 | Lair:4   | Reached XP level 13. HP: 77/104 MP: 10/15
 22683 | Lair:4   | Reached skill level 5 in Invocations
 22799 | Lair:4   | Found the +2 cloak of the Thief {*Fog Slay-2 SInv Stlth+}
 23207 | Lair:5   | Found a staircase to the Slime Pits.
 24157 | Lair:5   | Found a snail-covered altar of Cheibriados.
 24682 | Lair:6   | Entered Level 6 of the Lair of Beasts
 24686 | Lair:6   | Reached skill level 10 in Invocations
 25078 | Lair:6   | Noticed Sonja
 25748 | D:10     | Reached XP level 14. HP: 98/111 MP: 21/21
 27645 | Lair:6   | Killed Sonja
 28437 | Lair:6   | Reached skill level 10 in Long Blades
 28798 | Lair:6   | Reached skill level 11 in Long Blades
 29377 | Lair:6   | Reached skill level 12 in Long Blades
 30396 | Lair:6   | Reached skill level 13 in Long Blades
 31270 | D:9      | Bought a potion of invisibility for 120 gold pieces
 31270 | D:9      | Bought a potion of invisibility for 120 gold pieces
 31724 | D:12     | Found Keostrio's Jewellery Shoppe.
 31819 | D:12     | Found a burning altar of Makhleb.
 31826 | D:12     | Found a staircase to the Orcish Mines.
 32223 | D:12     | Found a runed translucent door.
 32225 | D:12     | Noticed a fire giant
 32226 | D:12     | Found the +2 hood of the Assassin {Detection Stab+ Stlth++}
 32301 | Orc:1    | Entered Level 1 of the Orcish Mines
 32410 | Orc:1    | Noticed Nergalle
 32416 | Orc:1    | Killed Nergalle
 32894 | Orc:1    | Found a roughly hewn altar of Beogh.
 32902 | Orc:1    | You fall into a shaft and drop 1 floor!
 32902 | Orc:2    | Entered Level 2 of the Orcish Mines
 32916 | Orc:2    | Noticed a stone giant
 34192 | Orc:1    | Reached skill level 14 in Long Blades
 34192 | Orc:1    | Reached XP level 15. HP: 120/120 MP: 23/23
 34204 | Orc:2    | Noticed an orc warlord
 34469 | Orc:2    | Killed an orc warlord
 34713 | Orc:2    | Found a staircase to the Elven Halls.
 34801 | Orc:2    | Noticed an orc warlord
 35270 | D:13     | Found a gate to the Vaults.
 35270 | D:13     | Noticed Rupert
 35270 | D:13     | Noticed Urug
 35626 | D:12     | Reached skill level 15 in Long Blades
 35638 | D:12     | Killed Rupert
 36322 | D:13     | Killed Urug
 36997 | D:13     | Reached skill level 16 in Long Blades
 37429 | D:13     | You fall into a shaft and drop 1 floor!
 38549 | D:15     | Entered Level 15 of the Dungeon
 38916 | D:15     | Reached skill level 17 in Long Blades
 39047 | D:12     | Bought an uncursed ring of protection from fire for 250
                  | gold pieces
 39047 | D:12     | Upgraded the game from 0.26-a0-667-g92642533e4 to
                  | 0.26-a0-668-gd58323b419
 39167 | D:15     | Reached skill level 1 in Evocations
 39763 | D:15     | Identified the Tome of the Twisted Rocks
 40079 | D:15     | Paralysed by a floating eye for 4 turns
 40171 | D:15     | Reached skill level 5 in Evocations
 40447 | D:15     | Found a staircase to the Depths.
 40637 | Depths:1 | Entered Level 1 of the Depths
 41045 | Snake:1  | Entered Level 1 of the Snake Pit
 41489 | Snake:1  | Reached XP level 16. HP: 126/126 MP: 24/24
 42017 | Snake:1  | Found Sojikh's Assorted Antiques.
 42240 | Snake:1  | Bought a scroll labeled SEAPTIA NYRAXT for 37 gold pieces
 43151 | Snake:1  | Gained mutation: Scrolls take you a little longer to read.
                  | [a shining eye]
 43346 | Snake:2  | Noticed Azrael
 43384 | Snake:1  | HP: 4/126 [salamander mystic/lance of force (17)]
 44056 | Snake:2  | HP: 4/126 [naga warrior/+0 long sword (12)]
 44058 | Snake:2  | Slain by a naga warrior

Illustrated notes

Levels and vault maps discovered:
D:1:      dpeg_arrival_simpleton_a, layout_basic, minmay_misc_feat_four_crosses,
          kennysheep_nondescript
D:2:      layout_rooms
D:3:      layout_basic, hex_tiny
D:4:      layout_loops_ring, gammafunk_ghost_split, minmay_unequal
D:5:      layout_loops_corners, xom_confusion_cloud, fiery_altar_vehumet
D:6:      layout_loops_corners, minmay_temple_entry_grid, basic_altar
D:7:      layout_cave_pods, nicolae_ossuary_entry_monument,
          gammafunk_ghost_wrathful_warriors, chequers_serial_rivers_micro_e,
          uniq_pikel, uniq_crazy_yiuf_cottage
D:8:      layout_gridville
D:9:      layout_basic, marbit_many_paths, lemuel_round_altar, serial_shops,
          shop, uniq_erica, uniq_maggie
D:10:     layout_rooms, lair_entry_dummy
D:11:     layout_basic, st_stairs_9
D:12:     minmay_gate_of_8, layout_irregular_city, orc_0_dummy, basic_altar,
          serial_shops, shop
D:13:     layout_stronghold, david_vaults_3, kennysheep_just_a_vault
D:14:     layout_small_grid
D:15:     gammafunk_enter_depths_forms, layout_rooms,
          minmay_fractal_squares_gapless_7
Temple:   dpeg_five_rooms_temple
Lair:1:   layout_regular_city
Lair:2:   layout_regular_city, skrybe_swamp_entry_bodies, serial_bayou_shore_a
Lair:3:   layout_long_grid, guppyfry_snake_entry_garden, lemuel_fruit_tree,
          lemuel_fruit_fields
Lair:4:   layout_regular_city, minmay_shattered_shrine, serial_bayou_shore_b
Lair:5:   layout_misc_corridors, slime_dummy, kennysheep_snail_temple
Lair:6:   grunt_lair_end_beastmaster, layout_misc_corridors, special_room
          [special_room_mythical_zoo], hangedman_lair_generics_rect,
          grunt_megastairs_5, uniq_sonja
Snake:1:  layout_layer_cave, st_stairs_9, minmay_shop_star
Snake:2:  minmay_snake_river, layout_onion, uniq_azrael
Orc:1:    layout_caves, special_room [special_room_bee], mines1_david,
          uniq_nergalle
Orc:2:    pf_orc_diabolical, layout_diamond_mine, minmay_orc_treasury
Depths:1: cheibrodos_witchhunters_guild, layout_basic,
          kennysheep_decorative_pillar, abyss_entry, hell_entry,
          minmay_misc_feat_square, serial_bayou_pond_d,
          kennysheep_generic_room_3, uniq_enchantress

Skill      XL: |  1  2  3  4  5  6  7  8  9 10 11 12 13 14 15 16 |
---------------+-------------------------------------------------+-----
Long Blades    | 1 2 4 7 9 14 17 | 17.2
Slings         | 3 4 |  4.7
Fighting       | 9 11 12 | 12.8
Shields        | 4 |  4.0
Armour         | 5 12 15 | 15.6
Throwing       | 4 10 | 10.2
Invocations    | 4 11 12 | 12.7
Evocations     | 5 6 |  6.9
Polearms       | |  2.9
Dodging        | |  2.1
Stealth        | |  4.1

Action                   |  1- 3 |  4- 6 |  7- 9 | 10-12 | 13-15 | 16-18 || total
-------------------------+-------+-------+-------+-------+-------+-------++-------
Melee: Scimitar          |    76 |    40 |   122 |   191 |   566 |    44 ||  1039
       Spear             |     1 |       |       |       |       |       ||     1
       Headbutt          |    11 |    11 |    17 |    66 |   280 |    13 ||   398
       Dagger            |       |       |       |       |    53 |       ||    53
       Short sword       |       |       |       |       |    25 |       ||    25
 Fire: Hunting sling     |     5 |   105 |   114 |   182 |   534 |    66 ||  1006
Throw: Stone             |   101 |     3 |     7 |     8 |    17 |     1 ||   137
       Javelin           |       |       |       |    45 |    11 |       ||    56
       Dart              |       |       |       |     6 |   183 |       ||   189
Invok: Recall Ancestor   |       |       |     2 |     3 |    18 |     1 ||    24
       Ancestor Life: Ba |       |       |     1 |       |       |       ||     1
       Idealise          |       |       |       |     1 |    12 |     1 ||    14
       Transference      |       |       |       |       |     1 |       ||     1
Evoke: Wand              |       |       |     4 |     5 |    22 |     7 ||    38
       Phial of floods   |       |       |       |     1 |     4 |       ||     5
       Box of beasts     |       |       |       |       |     3 |     2 ||     5
       Phantom mirror    |       |       |       |       |       |     1 ||     1
  Use: Potion            |     1 |     4 |     5 |     2 |    17 |     3 ||    32
       Scroll            |     9 |     2 |     3 |     7 |    16 |     1 ||    38
 Stab: Sleeping          |     1 |       |       |       |       |       ||     1
       Distracted        |       |       |     1 |     4 |    14 |       ||    19
       Invisible         |       |       |       |     3 |    12 |       ||    15
Armor: Leather armour    |    20 |       |       |       |       |       ||    20
       Chain mail        |     6 |    24 |    74 |       |       |       ||   104
       Skin              |       |       |    13 |       |       |       ||    13
       Plate armour      |       |       |     8 |   172 |   482 |    39 ||   701
Dodge: Dodged            |    63 |    29 |    43 |   125 |   422 |    40 ||   722
Block: Other             |     5 |    15 |    18 |       |       |       ||    38
       Buckler           |       |       |     7 |    92 |   282 |    49 ||   430
       Reflection        |       |       |       |     5 |    10 |     7 ||    22
       Rpst.: Scimitar   |    15 |     9 |    13 |    24 |    69 |     4 ||   134

Table legend: (Time is in decaauts)
 A = Elapsed time spent in this place.
 B = Non-inter-level travel time spent in this place.
 C = Inter-level travel time spent in this place.
 D = Time resting spent in this place.
 E = Time spent auto-exploring this place.
 F = Levels seen in this place.
 G = Mean time per level.
                   A        B        C        D        E       F      G
               +--------+--------+--------+--------+--------+-----+--------+
         Total |  43727 |  41551 |   2176 |  17988 |  17362 |  27 | 1619.5 |
       Dungeon |  23175 |  21792 |   1383 |   7981 |  10406 |  15 | 1545.0 |
        Temple |    265 |    199 |     66 |      0 |    186 |   1 |  265.0 |
          Lair |  14409 |  13860 |    549 |   6463 |   5297 |   6 | 2401.5 |
     Snake Pit |   2964 |   2841 |    123 |   1577 |    925 |   2 | 1482.0 |
  Orcish Mines |   2912 |   2858 |     54 |   1967 |    548 |   2 | 1456.0 |
        Depths |      1 |      1 |      0 |      0 |      0 |   1 |    1.0 |
               +--------+--------+--------+--------+--------+-----+--------+

Top non-repeatable levels by time:
  Lair:6: 3599 daAuts
  Lair:4: 3566 daAuts
 Snake:1: 2774 daAuts
   Orc:1: 2547 daAuts
  Lair:1: 2360 daAuts
     D:5: 2192 daAuts
    D:12: 2128 daAuts
     D:7: 2103 daAuts
    D:15: 1855 daAuts
     D:3: 1775 daAuts
     D:4: 1707 daAuts
  Lair:2: 1705 daAuts
    D:10: 1676 daAuts
  Lair:5: 1595 daAuts
  Lair:3: 1582 daAuts
